 Dungeon Crawl Stone Soup version 0.17-a0-1738-g82cdc46 (webtiles) character file.

45 kae the Caller (level 3, -1/19 HPs)
             Began as a Deep Elf Summoner on Aug 30, 2015.
             Shot with a stone by a goblin (2 damage)
             ... on level 2 of the Dungeon.
             The game lasted 00:03:31 (2008 turns).

kae the Caller (Deep Elf Summoner)                  Turns: 2008, Time: 00:03:32

Health: -1/19      AC:  2    Str:  6    XL:     3   Next: 42%
Magic:  8/9        EV: 13    Int: 19    God:
Gold:   110        SH:  0    Dex: 15    Spells: 2 memorised, 5 levels left

rFire  . . .     SeeInvis .     h - +0 dagger
rCold  . . .     Clarity  .     a - +0 robe
rNeg   . . .     SustAt   +     (no shield)
rPois  .         Gourm    .     (no helmet)
rElec  .         Spirit   .     (no cloak)
rCorr  .         Warding  .     (no gloves)
rMut   .         Stasis   .     (no boots)
MR     .....                    (no amulet)
Stlth  ++........               (no ring)
                                e - ring of sustain attributes

@: not resistant to hostile enchantments, unstealthy
A: no striking features
a: no special abilities


You were on level 2 of the Dungeon.
You were hungry.

You visited 1 branch of the dungeon, and saw 2 of its levels.

You collected 110 gold pieces.

Inventory:

Hand weapons
 h - a +0 dagger (weapon)
Armour
 a - a +0 robe (worn)
Jewellery
 e - a ring of sustain attributes (left hand)
 m - an uncursed ring of fire {unknown}
Scrolls
 i - 3 scrolls of remove curse {unknown}
 j - 2 scrolls of enchant armour {unknown}
 k - 4 scrolls of identify {unknown}
 l - 2 scrolls of teleportation {unknown}
 n - a scroll of enchant weapon {unknown}
 o - a scroll of immolation {unknown}
 q - a scroll of recharging {unknown}
Potions
 f - 2 potions of curing {unknown}
 g - a potion of resistance {unknown}
Books
 b - a book of Callings

   Spells                             Type                      Level
   a - Summon Small Mammal            Summoning                    1
   b - Call Imp                       Summoning                    2
   c - Call Canine Familiar           Summoning                    3
   d - Summon Guardian Golem          Hexes/Summoning              3
   e - Summon Lightning Spire         Summoning/Air                4
   f - Summon Ice Beast               Ice/Summoning                4
Comestibles
 c - 2 bread rations
 d - 2 fruits
 p - a beef jerky


   Skills:
 - Level 2.4 Dodging
 - Level 2.4 Stealth
 - Level 3.0 Spellcasting
 + Level 5.7 Summonings


You had 5 spell levels left.
You knew the following spells:

 Your Spells              Type           Power        Failure   Level  Hunger
a - Summon Small Mammal   Summ           ###.         1%          1    None
b - Call Imp              Summ           ###.....     1%          2    ##.....


Dungeon Overview and Level Annotations

Branches:
Dungeon (2/15)

Altars:


Message History

Okay, then.
You hit the jackal.
You kill the jackal!
You swap places.
You start resting.
Your bat disappears in a puff of smoke!
Magic restored.
You start resting.
A goblin comes into view. It is wielding a hunting sling.
A goblin is nearby!
Casting: Summon Small Mammal
Confirm with . or Enter, or press ? or * to list all spells.
The goblin shouts!
You hear a shout!
The goblin shoots a stone.
The stone hits you.
* * * LOW HITPOINT WARNING * * *
The goblin shoots a stone.
The stone hits you.
* * * LOW HITPOINT WARNING * * *
You swap places.
The goblin shoots a stone.
The stone misses your quokka. The stone hits you.
You die...

#≈≈≈≈.(.≈≈≈≈#
###≈≈...≈≈###
##(...### #(#### ##(#
#g.# ##r###### ###
#.#(#>#.##
..###########...@....#
..............#.#.#.##
...##########........#
...# #.#.#.#.## ...#
#........# ...#
#.#.#.#.## ...#
#......^# #..#
######### #..#


You could see a goblin and a friendly quokka.

Vanquished Creatures
  A worm (D:2)
  A giant gecko (D:2)
  A goblin (D:2)
  3 hobgoblins
  A jackal (D:2)
  3 kobolds
  A bat (D:2)
  3 rats (D:1)
14 creatures vanquished.

Vanquished Creatures (collateral kills)
  2 adders (D:2)
  An ooze (D:2)
  2 giant geckos (D:2)
  2 bats (D:2)
  2 hobgoblins
  A jackal (D:2)
  A kobold (D:1)
  A quokka (D:2)
  A ball python (D:2)
  6 goblins
  4 rats (D:2)
23 creatures vanquished.

Grand Total: 37 creatures vanquished

Notes
Turn   | Place    | Note
--------------------------------------------------------------
     0 | D:1      | kae the Deep Elf Summoner began the quest for the Orb.
     0 | D:1      | Reached XP level 1. HP: 10/10 MP: 6/6
   750 | D:1      | Reached XP level 2. HP: 15/15 MP: 8/8
   756 | D:1      | Learned a level 2 spell: Call Imp
   812 | D:2      | Reached skill level 5 in Summonings
   970 | D:2      | Reached XP level 3. HP: 6/19 MP: 6/9
  2008 | D:2      | Shot with a stone by a goblin

Vault maps used:
D:1:      dpeg_arrival_leaves_temple_mockup
D:2:      kennysheep_goblin_castle, st_stairs_8

Action                   || total
-------------------------++-------
Melee: Unarmed           ||    11
       Dagger            ||    48
 Cast: Summon Small Mamm ||    15
       Call Imp          ||    14
  Eat: Chunk             ||     3
